Get step-by-step instructions on how to execute this build order below. Start the game timer, and the build order will tick by so you can play in parallel with StarCraft on a second screen or mobile device.

Game Time

  0:00

Last Step

  N/A

Next Step

  12  0:02  Drone  

Upcoming Step

  13  0:15  Extractor  

Don't want to look back and forth between 2 screens? Try out our Overwolf App, the Spawning Tool Build Advisor to get an in-game overlay with this build!

Complete Build Order

  12  0:02  Drone  
  13  0:15  Extractor  
  12  0:24  Spawning Pool  
  11  0:28  Drone  
  11  0:32  Drone  
  13  0:39  Drone  
  14  0:48  Overlord  
  14  1:11  Zergling x4  
  14  1:12  Zergling x2  
  14  1:15  Metabolic Boost  
  17  1:22  Zergling x2  
  18  1:33  Zergling x2  
  18  1:35  Baneling Nest  
  18  1:45  Zergling x2  
  19  1:49  Queen  
  21  1:54  Zergling x2  
  22  2:05  Overlord  
  22  2:19  Baneling  
  22  2:20  Baneling  
  22  2:24  Zergling x2  
  20  2:45  Zergling x4  
  20  2:49  Zergling x2  
  22  3:00  Zergling x2  
  22  3:01  Zergling x4  
  22  3:03  Baneling x4  
  22  3:04  Baneling  
  24  3:06  Zergling x2  
  25  3:15  Baneling  
  25  3:18  Zergling x2  
  26  3:26  Baneling  
  24  3:28  Baneling  
  24  3:29  Zergling x2  
  25  3:34  Zergling x2  
  25  3:35  Zergling x4  
  25  3:39  Baneling  
  28  3:44  Zergling x2  
  28  4:01  Drone x2  
  28  4:02  Drone  
  27  4:18  Drone x2  
  29  4:28  Overlord  
  29  4:35  Hatchery  
  28  4:42  Drone  
  28  4:43  Drone  
  30  4:52  Drone x3  
  31  5:03  Drone  
  31  5:05  Queen  
  34  5:17  Roach Warren  
  32  5:29  Drone x3  
  34  5:45  Drone x4  
  38  5:53  Drone  
  39  6:02  Drone x2  
  41  6:04  Queen  
  41  6:10  Overlord  
  43  6:15  Overlord  
  40  6:34  Drone x5  
  40  6:36  Drone x2  
  40  6:37  Drone  
  47  6:43  Overlord  
  48  6:47  Drone  
  48  6:49  Extractor, Evolution Chamber  
  48  6:50  Overlord  
  46  6:59  Overlord  
  46  7:03  Roach  
  48  7:09  Roach  
  48  7:11  Evolution Chamber